Map: Prion Terraces

Players

TnekKralc - Winner!

  • Race: Zerg Zerg
  • League: Platinum

LilDicky

  • Race: Zerg Zerg
  • League: Diamond

VOD

http://www.twitch.tv/tumescentpie

Description

Time

  • Played on: Nov. 27, 2015, 7:03 p.m.
  • Length: 7:51
Show
View Real Time Build Order
Export as new Build Order

TnekKralc Zerg - Winner!

Build Orders: Pool First 

Get SALT Encoding   

  12  0:01  Drone  
  13  0:08  Drone  
  14  0:19  Extractor  
  14  0:20  Drone  
  15  0:31  Spawning Pool  
  14  0:36  Drone, Extractor  
  15  0:48  Extractor  
  14  0:54  Drone, Extractor  
  15  1:10  Hatchery  
  14  1:15  Overlord  
  14  1:32  Queen  
  14  1:33  Zergling x2  
  14  1:34  Zergling x2  
  14  1:39  Zergling x2  
  19  1:47  Zergling x2  
  20  1:54  Metabolic Boost  
  20  2:04  Zergling x2  
  21  2:08  Drone  
  22  2:24  Drone x2  
  22  2:28  Queen  
  25  2:52  Drone x3  
  26  3:02  Drone  
  26  3:04  Overlord x2  
  26  3:19  Drone x2  
  28  3:26  Baneling Nest, Drone x4  
  31  3:36  Drone  
  32  3:45  Zergling x2  
  32  3:46  Zergling x10  
  38  3:54  Queen  
  40  3:56  Drone  
  40  4:14  Baneling x3  
  40  4:15  Baneling  
  40  4:16  Zergling x8  
  43  4:42  Zergling x2  
  44  4:49  Overlord x3  
  44  5:02  Zergling x2  
  40  5:07  Hatchery  
  39  5:21  Baneling x2  
  39  5:29  Zergling x14  
  39  5:30  Zergling x8  
  31  6:05  Zergling x16  
  39  6:17  Zergling x8  
  41  6:28  Baneling x3  
  41  6:29  Baneling x2  
  39  6:34  Zergling x14  
  45  6:50  Zergling x10  
  50  6:56  Drone x4  
  50  6:57  Drone x4  
  56  7:09  Baneling x6  
  56  7:14  Zergling x12  
Show
View Real Time Build Order
Export as new Build Order

LilDicky Zerg 

Build Orders: Pool First 

Get SALT Encoding   

  12  0:05  Drone  
  13  0:12  Drone  
  14  0:21  Overlord  
  14  0:39  Spawning Pool  
  14  0:40  Drone  
  14  0:50  Extractor  
  14  0:51  Drone  
  14  0:52  Drone x2  
  16  1:18  Hatchery  
  15  1:21  Drone  
  16  1:29  Drone x2  
  18  1:36  Overlord  
  18  1:45  Drone  
  19  1:50  Queen  
  21  1:57  Drone  
  22  2:07  Metabolic Boost  
  22  2:09  Zergling x2  
  22  2:13  Spine Crawler  
  22  2:19  Zergling x2  
  23  2:30  Queen  
  23  2:33  Zergling x2  
  23  2:34  Zergling x2  
  25  2:47  Zergling x2  
  25  2:48  Zergling x2  
  25  2:50  Zergling x2  
  28  2:57  Zergling x2  
  28  3:05  Zergling x4  
  28  3:20  Drone x3  
  28  3:21  Drone x2  
  33  3:28  Baneling Nest  
  32  3:39  Overlord  
  32  3:47  Lair, Extractor  
  31  4:15  Zergling x2  
  31  4:16  Zergling x6  
  35  4:17  Overlord  
  33  4:40  Zergling x18  
  41  5:02  Zergling x8  
  40  5:12  Zergling x2  
  40  5:13  Zergling x8  
  44  5:17  Baneling  
  44  5:18  Baneling x9  
  44  5:22  Overlord x2  
  36  5:50  Hatchery  
  30  6:04  Drone  
  30  6:05  Drone x11  
  39  6:36  Zergling x8  
  41  6:41  Zergling x2  
  41  6:42  Zergling x8  
  46  7:03  Baneling  
  46  7:04  Baneling  
  46  7:11  Spine Crawler, Queen  
  47  7:21  Baneling x2  
  42  7:30  Zergling x2  
  42  7:31  Zergling x6  
Tags
 
Add a new tag
Caveats
  • Supply blocks, unpowered buildings, or Contaminate may cause inaccurate times.
  • Supply counts are checked every 10 seconds.